 Dungeon Crawl Stone Soup version 0.17.1-1-g73c8601 (webtiles) character file.

109 ololoev the Chopper (level 4, -6/35 HPs)
             Began as a Demonspawn Fighter on Dec 23, 2015.
             Mangled by a gnoll
             ... wielding a +0 flail
              (7 damage)
             ... on level 3 of the Dungeon.
             The game lasted 00:03:13 (397 turns).

ololoev the Chopper (Demonspawn Fighter)             Turns: 397, Time: 00:03:13

Health: -6/35      AC:  6    Str: 18    XL:     4   Next: 60%
Magic:  4/4        EV:  7    Int:  9    God:
Gold:   64         SH:  8    Dex: 12    Spells: 0 memorised, 3 levels left

rFire  + . .     SeeInvis .     a - +0 war axe
rCold  . . .     Clarity  .     b - +0 scale mail
rNeg   . . .     SustAt   .     c - +0 shield
rPois  +         Gourm    .     (no helmet)
rElec  .         Spirit   .     (no cloak)
rCorr  .         Warding  .     (no gloves)
rMut   .         Stasis   .     (no boots)
MR     .....                    (no amulet)
Stlth  ..........               i - ring of protection from fire
                                h - ring of poison resistance

@: hasted, very quick, not resistant to hostile enchantments, extremely
unstealthy
A: talons 1, demonic guardian 1
a: no special abilities


Innate Abilities, Weirdness & Mutations

You have sharp toenails.
A weak demonic guardian rushes to your aid.

Inventory:

Hand Weapons
 a - a +0 war axe (weapon)
Armour
 b - a +0 scale mail (worn)
 c - a +0 shield (worn)
Jewellery
 h - a ring of poison resistance (left hand)
 i - a ring of protection from fire (right hand)
Scrolls
 f - a scroll of enchant armour {unknown}
 j - a scroll of teleportation {unknown}
 l - a scroll of remove curse {unknown}
Comestibles
 d - a chunk of flesh
 e - a bread ration


   Skills:
 - Level 3.0 Fighting
 * Level 4.4 Axes
 - Level 2.6 Armour
 - Level 2.6 Shields


You had 3 spell levels left.
You didn't know any spells.


You were on level 3 of the Dungeon.
You were not hungry.

You visited 1 branch of the dungeon, and saw 4 of its levels.

You collected 64 gold pieces.

..... ....
.... ...
#.######
#.5....#
..####g.....#
..r...g@....+
##.###g.....#
.. #.######
#.##.# ..#.#
#.#.# #.#.###
#####.#
#.....#
#.<...#
#.....#
#######

Notes
Turn   | Place    | Note
--------------------------------------------------------------
     0 | D:1      | ololoev the Demonspawn Fighter began the quest for the Orb.
     0 | D:1      | Reached XP level 1. HP: 18/18 MP: 1/1
   140 | D:2      | Gained mutation: You have sharp toenails. [demonic ancestry]
   140 | D:2      | Reached XP level 2. HP: 13/24 MP: 2/2
   258 | D:2      | Gained mutation: A weak demonic guardian rushes to your aid. [demonic ancestry]
   258 | D:2      | Reached XP level 3. HP: 12/29 MP: 3/3
   324 | D:4      | Noticed Britaniac's ghost (amateur DEFE)
   348 | D:4      | Killed Britaniac's ghost
   348 | D:4      | Reached skill level 4 in Axes
   348 | D:4      | Reached XP level 4. HP: 14/35 MP: 4/4
   395 | D:3      | Noticed Sigmund
   396 | D:3      | HP: 1/35 [gnoll/halberd (6)]
   397 | D:3      | Mangled by a gnoll

Dungeon Overview and Level Annotations

Branches:
Dungeon (4/15)
 Temple: D:4-7

Altars:

Annotations:
D:3 Sigmund


Message History

There is a stone staircase leading up here.
You climb upwards.
There is a stone staircase leading down here.
Found 11 gold pieces.
An orc comes into view.
You see here 11 gold pieces.
You see here 11 gold pieces.
You now have 64 gold pieces (gained 11).
You completely miss the orc. The orc barely misses you.
You slash the orc!
You kill the orc!
Things that are here:
a ring mail; an orc corpse
Found an escape hatch in the ceiling. 3 gnolls come into view.
The gnoll shouts! x3
You hear a shout!
Drink which item? (? for menu, Esc to quit)
It was a potion of cancellation.
You feel magically purged. The gnoll hits you but does no damage.
Your quasit bites the gnoll.
Your quasit claws the gnoll.
Your quasit claws the gnoll but does no damage.
Sigmund the Dreaded comes into view.
He is wielding a scythe.
The gnoll hits you with a flail.
Your quasit barely misses the gnoll.
Your quasit claws the gnoll but does no damage. x2
You block the gnoll's attack.
A quokka comes into view.
Unknown command.
Your shield and scale mail prevent you from hitting the gnoll.
You claw the gnoll, but do no damage.
The gnoll is lightly wounded.
You closely miss the gnoll.
Your quasit bites the gnoll.
Your quasit claws the gnoll.
Your quasit barely misses the gnoll.
The gnoll hits you with a flail! The gnoll hits you with a halberd.
Your quasit bites the gnoll.
Your quasit barely misses the gnoll.
Your quasit barely misses the gnoll.
Drink which item? (? for menu, Esc to quit)
It was a potion of haste.
You feel yourself speed up. The gnoll hits you with a flail!
You die...

You could see 3 gnolls, a quokka and a friendly quasit.

Vanquished Creatures
  An adder (D:2)
  2 worms (D:2)
  An orc (D:3)
  2 giant cockroaches (D:2)
  2 goblins
  3 hobgoblins
  A quokka (D:4)
  A ball python skeleton (D:4)
  A bat (D:3)
  2 giant newts
  3 kobolds
  5 rats
24 creatures vanquished.

Vanquished Creatures (others)
  The ghost of Britaniac the Firebug, an amateur DEFE of Vehumet (D:4)
1 creature vanquished.

Grand Total: 25 creatures vanquished

Action                   |  1- 3 |  4- 6 || total
-------------------------+-------+-------++-------
Melee: War axe           |    58 |     3 ||    61
  Use: Potion            |     1 |     2 ||     3

Vault maps used:
D:1:      elethiomel_arrival_infinity_welcomes_careful_drivers,
          serial_bayou_pond_c
D:2:      minmay_rat_gold_closets, uniq_natasha, uniq_jessica
D:3:      elyvilon_altar_4, first_bread, nemelex_deck, uniq_grinder,
          uniq_sigmund
D:4:      kennysheep_mini_moat, makhleb_heckhound_becter, uniq_pikel
